AoeStats
← silvermoonknightgaming12345

Arabia

507031441Analyzed
1v1 RM · 17d ago on Sep 16, 2026· 27m 40s· 2 players
Game mode
Random Map
Map size
Tiny (2 player)
Population
200
Speed
Normal
Resources
Standard
Victory
Conquest
Starting age
Dark Age
Ending age
Imperial Age
RankedLock teamsTeams togetherTeam positionsShared explorationLock speedFull tech treeHidden civsTurbo modeCheats
Victory
Defeat
🇮🇳 Lithuanians · India
571
+14
529
-17
silvermoonknightgaming12345
3:41 Loom
11:53 Feudal Age
14:51 Loom
14:59 Double-Bit Axe
20:19 Wheelbarrow
20:55 Domestication
23:10 Scale Barding Armor
25:46 Castle Age
24:27 Forging
24:50 Gold Mining
Cortex
12:42 Feudal Age
11:28 Loom
14:53 Wheelbarrow
19:21 Castle Age
17:24 Double-Bit Axe
20:46 Bow Saw
21:02 Bloodlines
21:14 Scale Barding Armor
21:59 Hand Cart
23:01 Gold Mining
22:57 Horse Collar
25:39 Scale Mail Armor
Connection lost

Rejoining the realm…

Still unreachable

The connection could not be restored.

Session expired

The server has moved on; the page needs a fresh start.